TOP OF THE 1ST |
San Diego Padres batting - Pitching for Cincinnati Reds : LHP Eddie Grape
|
Pitching: LHP Eddie Grape
|
|
Batting: LHB Per Meulengracht
|
0-0: Foul Ball, location: 2F 0-1: Swinging Strike 0-2: Strikes out looking
|
Batting: RHB Bobby Ayala
|
0-0: Called Strike 0-1: Swinging Strike 0-2: Ball 1-2: Foul Ball, location: 2F 1-2: Fly out, F7 (Flyball, 78S, EV 86.2 MPH)
|
Batting: SHB Jerry Luckwell
|
0-0: Ball 1-0: Fly out, F8 (Flyball, 89D, EV 91.2 MPH)
|
Top of the 1st over - 0 runs, 0 hits, 0 errors, 0 left on base; San Diego 0 - Cincinnati 0 |
BOTTOM OF THE 1ST |
Cincinnati Reds batting - Pitching for San Diego Padres : RHP Adam Thompson
|
Pitching: RHP Adam Thompson
|
|
Batting: LHB Jon Ledesma
|
0-0: Called Strike 0-1: Ball 1-1: Fly out, F8 (Line Drive, 8LD, EV 98.8 MPH)
|
Batting: SHB Dave Barefoot
|
0-0: SINGLE (Line Drive, 8RS, EV 103.8 MPH)
|
Batting: LHB Jake Bill
|
0-0: Called Strike 0-1: SINGLE (Groundball, 4D, EV 105.0 MPH) Dave Barefoot to second Dave Barefoot to third
|
Batting: RHB Willie Cardamone
|
0-0: Ball 1-0: Called Strike 1-1: Ball 2-1: Fly out, F5 (Line Drive, 5, EV 65.6 MPH)
|
Batting: SHB Saulo Maina
|
0-0: Called Strike 0-1: Ball 1-1: SINGLE (Line Drive, 34D, EV 98.8 MPH) Dave Barefoot scores Jake Bill to second Runner from 2nd tries for 3rd, SAFE, throw by RF made to third
|
Batting: RHB Fred Slade
|
0-0: Ball Saulo Maina steals 2nd base 1-0: Called Strike 1-1: Ball 2-1: Ball 3-1: Called Strike 3-2: Fly out, F8 (Flyball, 8RD, EV 82.5 MPH)
|
Bottom of the 1st over - 1 run, 3 hits, 0 errors, 2 left on base; San Diego 0 - Cincinnati 1 |
TOP OF THE 2ND |
San Diego Padres batting - Pitching for Cincinnati Reds : LHP Eddie Grape
|
Batting: RHB Alois Wollf
|
0-0: Foul Ball, location: 2F 0-1: Ball 1-1: Fly out, F9 (Line Drive, 89S, EV 101.2 MPH)
|
Batting: LHB Mike Holt
|
0-0: Ball 1-0: Ball 2-0: Ball 3-0: Base on Balls
|
Batting: RHB Chiel Palstermans
|
0-0: Called Strike 0-1: Called Strike 0-2: Ball 1-2: Foul Ball, location: 2F 1-2: Foul Ball, location: 2F 1-2: Strikes out swinging
|
Batting: RHB Alberto Cotto
|
0-0: Ball 1-0: Fly out, F2 (Popup, 25F, EV 86.2 MPH)
|
Top of the 2nd over - 0 runs, 0 hits, 0 errors, 1 left on base; San Diego 0 - Cincinnati 1 |
BOTTOM OF THE 2ND |
Cincinnati Reds batting - Pitching for San Diego Padres : RHP Adam Thompson
|
Batting: LHB Sean Geisler
|
0-0: Ball 1-0: Swinging Strike 1-1: Called Strike 1-2: Strikes out swinging
|
Batting: LHB Jesus Lozano
|
0-0: Foul Ball, location: 2F 0-1: Foul Ball, location: 2F 0-2: Ball 1-2: Foul Ball, location: 2F 1-2: Strikes out swinging
|
Batting: LHB Andy Arbuckle
|
0-0: Foul Ball, location: 2F 0-1: Ball 1-1: SINGLE (Line Drive, 4M, EV 94.4 MPH)
|
Batting: LHB Jon Ledesma
|
0-0: Swinging Strike 0-1: Foul Ball, location: 2F 0-2: Ball 1-2: Strikes out looking
|
Bottom of the 2nd over - 0 runs, 1 hit, 0 errors, 1 left on base; San Diego 0 - Cincinnati 1 |
TOP OF THE 3RD |
San Diego Padres batting - Pitching for Cincinnati Reds : LHP Eddie Grape
|
Batting: RHB Carlos Reyes
|
0-0: Fly out, F5 (Popup, 56S, EV 82.5 MPH)
|
Batting: LHB Joseph Martin
|
0-0: Ball 1-0: Called Strike 1-1: Ground out 3-1 (Groundball, 34, EV 77.5 MPH)
|
Batting: LHB Per Meulengracht
|
0-0: Ball 1-0: Called Strike 1-1: Ball 2-1: Foul Ball, location: 2F 2-2: SINGLE (Flyball, 3D, EV 90.0 MPH)
|
Batting: RHB Bobby Ayala
|
0-0: Ball 1-0: Ball 2-0: Ball 3-0: Base on Balls Per Meulengracht to second
|
Batting: SHB Jerry Luckwell
|
0-0: Ball 1-0: Called Strike 1-1: Swinging Strike 1-2: Foul Ball, location: 2F 1-2: Ball 2-2: Fly out, F2 (Popup, 23F, EV 94.4 MPH)
|
Top of the 3rd over - 0 runs, 1 hit, 0 errors, 2 left on base; San Diego 0 - Cincinnati 1 |
BOTTOM OF THE 3RD |
Cincinnati Reds batting - Pitching for San Diego Padres : RHP Adam Thompson
|
Batting: SHB Dave Barefoot
|
0-0: Foul Ball, location: 2F 0-1: Foul Ball, location: 2F 0-2: Ball 1-2: SOLO HOME RUN (Flyball, 7D, EV 102.5 MPH), Distance : 398 ft
|
Batting: LHB Jake Bill
|
0-0: Swinging Strike 0-1: Foul Ball, location: 2F 0-2: SINGLE (Line Drive, 89M, EV 100.0 MPH)
|
Batting: RHB Willie Cardamone
|
0-0: Ball 1-0: Ball 2-0: Fly out, F8 (Flyball, 8RM, EV 89.4 MPH)
|
Batting: SHB Saulo Maina
|
0-0: Fly out, F3 (Line Drive, 3, EV 65.6 MPH)
|
Batting: RHB Fred Slade
|
0-0: Foul Ball, location: 2F 0-1: Foul Ball, location: 2F 0-2: Fly out, F8 (Flyball, 8RXD, EV 98.8 MPH)
|
Bottom of the 3rd over - 1 run, 2 hits, 0 errors, 1 left on base; San Diego 0 - Cincinnati 2 |
TOP OF THE 4TH |
San Diego Padres batting - Pitching for Cincinnati Reds : LHP Eddie Grape
|
Batting: RHB Alois Wollf
|
0-0: Foul Ball, location: 2F 0-1: Foul Ball, location: 2F 0-2: Ball 1-2: Foul Ball, location: 2F 1-2: Ball 2-2: Foul Ball, location: 2F 2-2: SINGLE (Groundball, 4MD, EV 103.8 MPH)
|
Batting: LHB Mike Holt
|
0-0: Called Strike 0-1: Ball 1-1: Ball Wild Pitch! Alois Wollf to second 2-1: Ball 3-1: Called Strike 3-2: Foul Ball, location: 2F 3-2: SINGLE (Line Drive, 6D, EV 95.0 MPH) Alois Wollf to third Runner from 3rd tries for Home, throw by LF and OUT! 7-2
|
Batting: RHB Chiel Palstermans
|
0-0: Called Strike 0-1: Ball 1-1: Ball 2-1: Foul Ball, location: 2F 2-2: Fly out, F9 (Flyball, 89D, EV 101.2 MPH)
|
Batting: RHB Alberto Cotto
|
0-0: Ball 1-0: Fly out, F9 (Flyball, 9LM, EV 79.4 MPH)
|
Top of the 4th over - 0 runs, 2 hits, 0 errors, 1 left on base; San Diego 0 - Cincinnati 2 |
BOTTOM OF THE 4TH |
Cincinnati Reds batting - Pitching for San Diego Padres : RHP Adam Thompson
|
Batting: LHB Sean Geisler
|
0-0: Ball 1-0: Ball 2-0: Foul Ball, location: 2F 2-1: Foul Ball, location: 2F 2-2: Foul Ball, location: 2F 2-2: Foul Ball, location: 2F 2-2: Strikes out swinging
|
Batting: LHB Jesus Lozano
|
0-0: Fly out, F5 (Popup, 56, EV 77.5 MPH)
|
Batting: LHB Andy Arbuckle
|
0-0: Swinging Strike 0-1: Ball 1-1: Called Strike 1-2: Strikes out swinging
|
Bottom of the 4th over - 0 runs, 0 hits, 0 errors, 0 left on base; San Diego 0 - Cincinnati 2 |
TOP OF THE 5TH |
San Diego Padres batting - Pitching for Cincinnati Reds : LHP Eddie Grape
|
Batting: RHB Carlos Reyes
|
0-0: Ball 1-0: Ball 2-0: Ball 3-0: Foul Ball, location: 2F 3-1: Swinging Strike 3-2: Strikes out swinging
|
Batting: LHB Joseph Martin
|
0-0: Foul Ball, location: 2F 0-1: Ground out 6-3 (Groundball, 6, EV 91.2 MPH)
|
Batting: LHB Per Meulengracht
|
0-0: Called Strike 0-1: Ground out U3 (Groundball, 3L, EV 106.2 MPH)
|
Top of the 5th over - 0 runs, 0 hits, 0 errors, 0 left on base; San Diego 0 - Cincinnati 2 |
BOTTOM OF THE 5TH |
Cincinnati Reds batting - Pitching for San Diego Padres : RHP Adam Thompson
|
Batting: LHB Jon Ledesma
|
0-0: Called Strike 0-1: Ball 1-1: Fly out, F8 (Flyball, 8LM, EV 93.1 MPH)
|
Batting: SHB Dave Barefoot
|
0-0: Foul Ball, location: 2F 0-1: Called Strike 0-2: SINGLE (Line Drive, 8LS, EV 106.2 MPH)
|
Batting: LHB Jake Bill
|
0-0: Ball 1-0: Ball Dave Barefoot steals 2nd base (no throw) 2-0: Fly out, F8 (Flyball, 78M, EV 95.6 MPH)
|
Batting: RHB Willie Cardamone
|
0-0: Ball 1-0: Ball 2-0: Ball 3-0: Called Strike 3-1: Foul Ball, location: 2F 3-2: 2-RUN HOME RUN (Flyball, 9D, EV 96.9 MPH), Distance : 382 ft
|
Batting: SHB Saulo Maina
|
0-0: Called Strike 0-1: Called Strike 0-2: SINGLE (Groundball, 34D, EV 102.5 MPH)
|
Batting: RHB Fred Slade
|
0-0: Called Strike 0-1: Fly out, F3 (Popup, 3SF, EV 82.5 MPH)
|
Bottom of the 5th over - 2 runs, 3 hits, 0 errors, 1 left on base; San Diego 0 - Cincinnati 4 |
TOP OF THE 6TH |
San Diego Padres batting - Pitching for Cincinnati Reds : LHP Eddie Grape
|
Batting: RHB Bobby Ayala
|
0-0: Foul Ball, location: 2F 0-1: Swinging Strike 0-2: Ball 1-2: SOLO HOME RUN (Flyball, 78XD, EV 97.5 MPH), Distance : 400 ft
|
Batting: SHB Jerry Luckwell
|
0-0: Ground out 5-3 (Groundball, 56, EV 95.0 MPH)
|
Batting: RHB Alois Wollf
|
0-0: Ball 1-0: Swinging Strike 1-1: Foul Ball, location: 2F 1-2: Foul Ball, location: 2F 1-2: Foul Ball, location: 2F 1-2: Foul Ball, location: 2F 1-2: Ball 2-2: Ball 3-2: Foul Ball, location: 2F 3-2: SINGLE (Groundball, 56D, EV 103.1 MPH)
|
Batting: LHB Mike Holt
|
0-0: Called Strike 0-1: Ball 1-1: Fly out, F7 (Flyball, 78XD, EV 103.1 MPH) Runner from 1st tags up, SAFE at 2nd
|
Batting: RHB Chiel Palstermans
|
0-0: Ball 1-0: SINGLE (Groundball, 4MD, EV 105.0 MPH) Alois Wollf to third Runner from 3rd tries for Home, SAFE, throw by CF to home
|
Pitching: RHP Marshall Barron
|
|
Batting: RHB Alberto Cotto
|
0-0: Ball 1-0: Ball 2-0: Called Strike 2-1: Called Strike 2-2: Strikes out swinging
|
Top of the 6th over - 2 runs, 3 hits, 0 errors, 1 left on base; San Diego 2 - Cincinnati 4 |
BOTTOM OF THE 6TH |
Cincinnati Reds batting - Pitching for San Diego Padres : RHP Adam Thompson
|
Batting: LHB Sean Geisler
|
0-0: Fly out, F9 (Flyball, 9LM, EV 95.6 MPH)
|
Batting: LHB Jesus Lozano
|
0-0: Ball 1-0: Bunt for hit to 3S - play at first, batter OUT! 3-4
|
Batting: LHB Andy Arbuckle
|
0-0: Ball 1-0: Foul Ball, location: 2F 1-1: Ball 2-1: Called Strike 2-2: Ball 3-2: SINGLE (Groundball, 6, EV 98.1 MPH)
|
Batting: LHB Jon Ledesma
|
0-0: Ball 1-0: Ball 2-0: Called Strike 2-1: Ground out 4-3 (Groundball, 4, EV 101.2 MPH)
|
Bottom of the 6th over - 0 runs, 1 hit, 0 errors, 1 left on base; San Diego 2 - Cincinnati 4 |
TOP OF THE 7TH |
San Diego Padres batting - Pitching for Cincinnati Reds : RHP Marshall Barron
|
Batting: RHB Carlos Reyes
|
0-0: Fly out, F5 (Popup, 15, EV 80.6 MPH)
|
Batting: LHB Joseph Martin
|
0-0: Ball 1-0: Ball 2-0: Ball 3-0: Swinging Strike 3-1: Base on Balls
|
Batting: LHB Per Meulengracht
|
0-0: Ball 1-0: Grounds out, U3 (Groundball, 3L, EV 108.1 MPH)
|
Batting: RHB Bobby Ayala
|
0-0: Foul Ball, location: 2F 0-1: Called Strike 0-2: Foul Ball, location: 2F 0-2: Ball 1-2: Ground out 5-3 (Groundball, 56, EV 83.8 MPH)
|
Top of the 7th over - 0 runs, 0 hits, 0 errors, 1 left on base; San Diego 2 - Cincinnati 4 |
BOTTOM OF THE 7TH |
Cincinnati Reds batting - Pitching for San Diego Padres : RHP Adam Thompson
|
Batting: SHB Dave Barefoot
|
0-0: Foul Ball, location: 2F 0-1: Called Strike 0-2: Foul Ball, location: 2F 0-2: Ground out 6-3 (Groundball, 6M, EV 104.4 MPH)
|
Batting: LHB Jake Bill
|
0-0: Ball 1-0: Ground out 6-3 (Groundball, 6M, EV 105.0 MPH)
|
Batting: RHB Willie Cardamone
|
0-0: Called Strike 0-1: SINGLE (Line Drive, 78S, EV 93.1 MPH)
|
Pitching: RHP Raul Almonte
|
|
Batting: SHB Saulo Maina
|
0-0: Foul Ball, location: 2F 0-1: Ball Pickoff Throw to First - Out! 1-3
|
Bottom of the 7th over - 0 runs, 1 hit, 0 errors, 0 left on base; San Diego 2 - Cincinnati 4 |
TOP OF THE 8TH |
San Diego Padres batting - Pitching for Cincinnati Reds : RHP Marshall Barron
|
Batting: SHB Jerry Luckwell
|
0-0: Ball 1-0: Foul Ball, location: 2F 1-1: Called Strike 1-2: Foul Ball, location: 2F 1-2: Ball 2-2: Strikes out swinging
|
Batting: RHB Alois Wollf
|
0-0: Foul Ball, location: 2F 0-1: Foul Ball, location: 2F 0-2: Strikes out swinging
|
Batting: LHB Mike Holt
|
0-0: Foul Ball, location: 2F 0-1: Ball 1-1: Swinging Strike 1-2: Ball 2-2: Strikes out swinging
|
Top of the 8th over - 0 runs, 0 hits, 0 errors, 0 left on base; San Diego 2 - Cincinnati 4 |
BOTTOM OF THE 8TH |
Cincinnati Reds batting - Pitching for San Diego Padres : RHP Raul Almonte
|
Batting: SHB Saulo Maina
|
0-0: Called Strike 0-1: Ball 1-1: Ground out 6-3 (Groundball, 4, EV 89.4 MPH)
|
Batting: RHB Fred Slade
|
0-0: Ball 1-0: Ground out 6-3 (Groundball, 56, EV 103.8 MPH)
|
Batting: LHB Sean Geisler
|
0-0: Swinging Strike 0-1: Ball 1-1: Swinging Strike 1-2: Ball 2-2: Ball 3-2: Strikes out swinging
|
Bottom of the 8th over - 0 runs, 0 hits, 0 errors, 0 left on base; San Diego 2 - Cincinnati 4 |
TOP OF THE 9TH |
San Diego Padres batting - Pitching for Cincinnati Reds : RHP Marshall Barron
|
Pitching: LHP Paul Forbes
|
|
Batting: RHB Chiel Palstermans
|
0-0: Ball 1-0: Foul Ball, location: 2F 1-1: Called Strike 1-2: Strikes out swinging
|
Batting: RHB Alberto Cotto
|
0-0: Ball 1-0: Swinging Strike 1-1: Foul Ball, location: 2F 1-2: Ball 2-2: Strikes out swinging
|
Batting: RHB Carlos Reyes
|
0-0: Ball 1-0: Ball 2-0: Ball 3-0: Base on Balls
|
Pinch Hitting: RHB Cesar Breceda
|
0-0: Called Strike 0-1: Ball 1-1: Foul Ball, location: 2F 1-2: Ball Wild Pitch! Carlos Reyes to second 2-2: Strikes out swinging
|
Top of the 9th over - 0 runs, 0 hits, 0 errors, 1 left on base; San Diego 2 - Cincinnati 4 |
|